Map: Overgrowth LE (Void)

Players

Neeb

  • Race: Protoss Protoss
  • Spawn Location: 7:00

Nerchio - Winner!

  • Race: Zerg Zerg
  • Spawn Location: 1:00

Event: WESG 2016 Finals

VOD

Have the link to the VOD?

Description

Time

  • Played on: Jan. 14, 2017, 1:21 a.m.
  • Length: 9:58

All games in this series

Show
View Real Time Build Order
Export as new Build Order

Neeb Protoss 

Build Orders: 1 Gate Expand, Zealot Archon, Dark Templar Rush 

Get SALT Encoding   

  12  0:00  Probe (Chrono Boost)  
  13  0:11  Probe (Chrono Boost)  
  14  0:19  Pylon  
  14  0:22  Probe (Chrono Boost)  
  15  0:37  Probe (Chrono Boost)  
  15  0:39  Gateway  
  16  0:48  Probe (Chrono Boost), Assimilator  
  17  0:58  Probe (Chrono Boost)  
  18  1:09  Probe (Chrono Boost)  
  19  1:20  Nexus  
  19  1:24  Probe (Chrono Boost)  
  20  1:33  Cybernetics Core  
  20  1:36  Probe (Chrono Boost)  
  21  1:42  Assimilator  
  22  1:47  Probe (Chrono Boost)  
  22  1:50  Pylon  
  22  1:57  Probe (Chrono Boost)  
  23  2:05  Adept  
  23  2:09  Warp Gate  
  23  2:10  Probe (Chrono Boost)  
  26  2:22  Probe (Chrono Boost)  
  27  2:33  Probe (Chrono Boost), Mothership Core (Chrono Boost)  
  30  2:43  Probe (Chrono Boost)  
  31  2:45  Twilight Council  
  31  2:52  Probe (Chrono Boost)  
  31  2:54  Probe (Chrono Boost)  
  33  3:02  Probe (Chrono Boost)  
  33  3:04  Probe (Chrono Boost)  
  33  3:05  Robotics Facility  
  35  3:13  Probe (Chrono Boost), Gateway  
  35  3:17  Gateway  
  35  3:18  Gateway  
  35  3:19  Probe (Chrono Boost)  
  37  3:23  Probe (Chrono Boost)  
  38  3:31  Dark Shrine  
  38  3:32  Probe (Chrono Boost)  
  40  3:34  Probe (Chrono Boost)  
  40  3:40  Pylon  
  40  3:43  Probe (Chrono Boost)  
  40  3:44  Probe (Chrono Boost)  
  40  3:48  Warp Prism  
  42  3:55  Probe (Chrono Boost), Pylon  
  45  3:56  Assimilator  
  45  3:58  Probe (Chrono Boost)  
  45  4:00  Assimilator  
  46  4:07  Probe (Chrono Boost)  
  46  4:08  Probe (Chrono Boost)  
  48  4:12  Adept x2  
  52  4:19  Probe x2 (Chrono Boost)  
  54  4:30  Probe (Chrono Boost)  
  56  4:31  Probe (Chrono Boost), Pylon  
  56  4:39  Nexus  
  56  4:50  Dark Templar x3  
  56  4:51  Dark Templar  
  64  4:54  Archon  
  64  4:55  Archon  
  64  4:56  Probe (Chrono Boost)  
  64  4:58  Probe (Chrono Boost), Pylon, Observer  
  66  5:04  Forge  
  66  5:06  Probe (Chrono Boost)  
  68  5:12  Probe (Chrono Boost)  
  69  5:17  Probe (Chrono Boost)  
  69  5:19  Immortal  
  70  5:24  Probe (Chrono Boost)  
  70  5:26  Sentry  
  70  5:27  Probe (Chrono Boost)  
  78  5:30  Pylon x2  
  78  5:32  Protoss Ground Weapons Level 1  
  78  5:44  Probe (Chrono Boost)  
  78  5:45  Probe (Chrono Boost)  
  76  5:52  Probe (Chrono Boost), Assimilator  
  76  5:54  Immortal  
  76  5:55  Sentry, Zealot x2  
  76  5:56  Probe (Chrono Boost)  
  76  5:57  Probe (Chrono Boost), Assimilator  
  85  6:02  Probe (Chrono Boost)  
  90  6:08  Probe (Chrono Boost)  
  90  6:09  Probe (Chrono Boost), Sentry  
  90  6:11  Charge  
  94  6:13  Probe (Chrono Boost)  
  94  6:15  Pylon, Gateway  
  95  6:20  Gateway  
  95  6:23  Probe (Chrono Boost)  
  96  6:29  Immortal  
  97  6:32  Probe (Chrono Boost)  
  97  6:33  Probe (Chrono Boost)  
  97  6:38  Probe (Chrono Boost)  
  103  6:44  Probe (Chrono Boost), Templar Archives  
  103  6:45  Pylon  
  104  6:48  Pylon  
  104  6:49  Probe (Chrono Boost)  
  104  6:50  Pylon  
  106  6:54  Probe (Chrono Boost)  
  106  6:55  Pylon  
  106  6:57  Stalker  
  108  7:03  Zealot x3  
  108  7:04  Immortal  
  114  7:11  Psionic Storm  
  118  7:17  Gateway  
  118  7:19  Gateway  
  118  7:21  Photon Cannon, High Templar x2  
  122  7:23  Protoss Ground Weapons Level 2  
  122  7:24  High Templar  
  124  7:32  High Templar  
  126  7:44  Photon Cannon, Immortal  
  129  7:45  Probe x3 (Chrono Boost)  
  133  7:58  High Templar  
  133  8:00  Zealot x4  
  143  8:15  Pylon  
  143  8:18  Immortal, Pylon  
  143  8:19  Nexus  
  143  8:20  Pylon  
  145  8:28  High Templar x2  
  145  8:32  Stargate, Archon  
  149  8:36  Pylon  
  149  8:46  High Templar  
  149  8:47  Zealot x2  
  155  8:48  High Templar  
  155  8:49  Zealot x2  
  153  9:01  Archon x2  
  122  9:13  Zealot x5  
  122  9:14  Zealot  
  104  9:25  Zealot x2  
  108  9:34  Zealot x5  
  106  9:40  Robotics Facility  
  106  9:42  Archon  
  106  9:43  Robotics Facility  
  106  9:45  Probe (Chrono Boost)  
  101  9:46  Zealot x3  
Show
View Real Time Build Order
Export as new Build Order

Nerchio Zerg - Winner!

Build Orders: Hatch First 

Get SALT Encoding   

  12  0:00  Drone  
  13  0:12  Overlord  
  13  0:17  Drone  
  14  0:30  Drone x2  
  14  0:34  Drone  
  17  0:51  Hatchery  
  17  0:54  Drone  
  17  0:58  Drone  
  18  1:05  Extractor  
  17  1:13  Spawning Pool  
  17  1:16  Drone  
  17  1:20  Drone  
  18  1:28  Drone  
  19  1:38  Overlord  
  19  1:49  Drone  
  20  2:00  Queen, Zergling x2  
  23  2:03  Queen  
  25  2:08  Metabolic Boost  
  25  2:11  Drone  
  25  2:13  Zergling x2  
  27  2:16  Drone  
  27  2:21  Drone  
  29  2:25  Drone  
  30  2:39  Hatchery  
  30  2:40  Drone  
  30  2:43  Drone  
  31  2:46  Drone  
  31  2:50  Overlord  
  32  2:55  Zergling x2  
  34  2:58  Drone  
  34  3:01  Queen  
  36  3:09  Drone  
  36  3:10  Drone x2  
  38  3:13  Drone  
  38  3:14  Drone  
  38  3:16  Drone  
  38  3:19  Overlord  
  41  3:22  Drone  
  41  3:24  Drone  
  43  3:31  Lair  
  43  3:33  Drone  
  44  3:40  Roach Warren  
  43  3:42  Drone  
  43  3:43  Drone  
  43  3:44  Drone  
  43  3:47  Extractor  
  43  3:48  Drone, Extractor  
  46  3:51  Drone x2  
  46  3:53  Drone  
  48  3:58  Drone x3  
  51  4:04  Overlord  
  51  4:10  Drone  
  51  4:15  Overlord  
  52  4:23  Zergling x12  
  57  4:28  Overseer  
  57  4:30  Glial Reconstitution  
  57  4:31  Roach x2  
  61  4:32  Roach  
  61  4:35  Roach  
  61  4:37  Roach  
  67  4:40  Overlord  
  67  4:41  Overseer  
  67  4:44  Overlord  
  67  4:57  Drone x7  
  67  4:58  Drone x2  
  76  5:04  Drone x3, Spore Crawler  
  76  5:05  Drone  
  79  5:13  Roach x3  
  85  5:20  Roach x2  
  85  5:23  Overlord  
  85  5:24  Overlord  
  85  5:28  Extractor  
  84  5:29  Evolution Chamber  
  84  5:31  Queen  
  85  5:38  Drone x7  
  85  5:39  Overlord  
  85  5:42  Drone  
  91  5:43  Drone  
  91  5:44  Drone  
  91  5:48  Ravager  
  91  5:49  Drone  
  94  5:50  Queen  
  96  6:04  Hatchery, Zerg Missile Weapons Level 1  
  96  6:10  Drone x3  
  98  6:11  Drone  
  98  6:12  Drone x2  
  98  6:14  Extractor  
  98  6:15  Extractor  
  98  6:16  Overlord  
  100  6:18  Drone  
  100  6:20  Queen  
  100  6:21  Drone x3  
  100  6:24  Drone  
  106  6:32  Overlord  
  103  6:37  Hydralisk Den, Roach  
  103  6:38  Roach x5  
  114  6:42  Overlord  
  114  6:43  Roach x2  
  114  6:44  Roach  
  120  6:50  Overlord  
  120  7:00  Overlord x3  
  120  7:04  Overlord  
  120  7:06  Hydralisk, Muscular Augments  
  120  7:07  Hydralisk x3  
  128  7:10  Hydralisk x3  
  128  7:11  Hydralisk  
  128  7:12  Extractor  
  128  7:14  Hydralisk  
  137  7:16  Hydralisk  
  137  7:19  Hydralisk x2  
  137  7:22  Hydralisk  
  145  7:25  Queen  
  145  7:26  Hydralisk  
  145  7:28  Hydralisk  
  151  7:38  Hydralisk x4  
  151  7:42  Overlord  
  159  7:44  Overlord  
  159  7:46  Baneling Nest  
  159  7:49  Drone  
  159  7:50  Drone x2  
  158  7:52  Overlord  
  158  7:55  Overlord  
  158  8:00  Zergling x8  
  158  8:01  Zergling x2  
  163  8:11  Hydralisk  
  163  8:12  Hydralisk x4  
  173  8:13  Pneumatized Carapace  
  173  8:19  Lurker Den  
  173  8:29  Overseer, Hydralisk  
  173  8:30  Hydralisk x3  
  181  8:34  Hydralisk x3  
  181  8:39  Hydralisk  
  189  8:45  Zergling x2  
  189  8:46  Zergling x16  
  189  8:56  Zergling x4  
  189  8:59  Zergling x2  
  189  9:01  Hydralisk  
  189  9:02  Hydralisk x5  
  190  9:04  Hydralisk  
  190  9:05  Hydralisk  
  190  9:08  Zergling x4  
  168  9:11  Zergling x6  
  168  9:12  Hydralisk  
  168  9:16  Zergling x2  
  167  9:18  Hydralisk x2  
  167  9:20  Hydralisk  
  167  9:22  Zergling x2  
  167  9:23  Zergling x4  
  159  9:26  Hydralisk  
  159  9:27  Hydralisk  
  159  9:29  Hydralisk  
Tags
 
Add a new tag
Caveats
  • Supply blocks, unpowered buildings, or Contaminate may cause inaccurate times.
  • Supply counts are checked every 10 seconds.